 Seeded DCSS version 0.27-a0-1334-g2746e35 (webtiles) character file.

Game seed: 2478920174494696364 (custom seed)

6 Blackhawk the Sneak (level 1, 0/17 HPs)
             Began as a Draconian Wanderer on June 26, 2021.
             Slain by a quokka (1 damage)
             ... on level 1 of the Dungeon.
             The game lasted 00:03:52 (319 turns).

Blackhawk the Sneak (Draconian Wanderer)             Turns: 319, Time: 00:03:53

Health: 0/17       AC:  5    Str: 17    XL:     1   Next: 75%
Magic:  2/2        EV: 11    Int: 11    God:
Gold:   0          SH:  0    Dex:  8    Spells: 2/2 levels left

rFire    . . .     SeeInvis .   a - +0 club
rCold    . . .     Faith    .   (no shield)
rNeg     . . .     Spirit   .   (armour unavailable)
rPois    .         Reflect  .   (helmet restricted)
rElec    .         Harm     .   (no cloak)
rCorr    .         Rampage  .   (no gloves)
Will     .....                  c - +0 pair of boots
Stlth    ++........             (no amulet)
HPRegen  0.05/turn              (no ring)
MPRegen  0.08/turn              (no ring)

@: no status effects
A: AC +4, unfitting armour, cold-blooded
a: no special abilities


You were on level 1 of the Dungeon.
You visited 1 branch of the dungeon, and saw 1 of its levels.

Inventory:

Hand Weapons
 a - a +0 club (weapon)
 b - a +0 dagger
 d - a +0 hunting sling
Armour
 c - a +0 pair of boots (worn)


   Skills:
 + Level 2.1 Fighting
 + Level 1.0 Throwing
 + Level 3.2 Stealth
 + Level 1.0 Shields
 + Level 1.0 Spellcasting
 + Level 1.0 Conjurations
 + Level 1.0 Transmutations


You had 2 spell levels left.
You didn't know any spells.
Your spell library contained the following spells:

 Spells                   Type           Power      Damage    Failure   Level
 Magic Dart               Conj           8%         1d3       22%         1
 Foxfire                  Conj/Fire      4%         2x1d4     26%         1
 Apportation              Tloc           0%         N/A       32%         1
 Blink                    Tloc           N/A        N/A       43%         2
 Call Imp                 Summ           0%         N/A       43%         2
 Slow                     Hex            0%         N/A       43%         2
 Conjure Flame            Conj/Fire      1%         6-21      61%         3
 Stone Arrow              Conj/Erth      2%         3d7       61%         3
 Mephitic Cloud           Conj/Pois/Air  1%         N/A       63%         3
 Teleport Other           Tloc           0%         N/A       67%         3


Dungeon Overview and Level Annotations

Branches:
Dungeon (1/15)

Altars:


Innate Abilities, Weirdness & Mutations

Your plain brown scales are hard. (AC +4)
You cannot fit into any form of body armour.
You are cold-blooded and may be slowed by cold attacks.


Message History

You are too injured to fight recklessly!
You are too injured to fight recklessly!
You are too injured to fight recklessly!
You are too injured to fight recklessly!
You are too injured to fight recklessly!
You are too injured to fight recklessly!
You are too injured to fight recklessly!
You are too injured to fight recklessly!
You are too injured to fight recklessly!
You are too injured to fight recklessly!
You are too injured to fight recklessly!
You are too injured to fight recklessly!
You are too injured to fight recklessly!
You are too injured to fight recklessly!
You are too injured to fight recklessly!
You are too injured to fight recklessly!
You are too injured to fight recklessly!
You are too injured to fight recklessly!
You are too injured to fight recklessly!
You are too injured to fight recklessly!
You are too injured to fight recklessly!
You are too injured to fight recklessly!
You are too injured to fight recklessly!
You are too injured to fight recklessly!
You are too injured to fight recklessly!
You barely miss the quokka. The quokka barely misses you.
You hit the quokka.
The quokka is severely wounded.
The quokka bites you.
* * * LOW HITPOINT WARNING * * *
The quokka bites you.
* * * LOW HITPOINT WARNING * * *
You closely miss the quokka.
The quokka is severely wounded.
The quokka bites you.
* * * LOW HITPOINT WARNING * * *
You closely miss the quokka.
The quokka is severely wounded.
The quokka bites you.
You die...

#................###≈
#[...............# #≈
#...............#####
#....................
#....................
..###...................
...................†....
..####..................
#.@................
#.r................
#..................
#..................
...................
..######..........## ..
#..........# #.#
...........#
#..........#


You could see a quokka.

Vanquished Creatures
  2 giant cockroaches (D:1)
  A hobgoblin (D:1)
  A kobold (D:1)
  A rat (D:1)
5 creatures vanquished.

Notes
Turn   | Place    | Note
-------+----------+-------------------------------------------
     0 | D:1      | Blackhawk the Draconian Wanderer began the quest for the
                  | Orb.
     0 | D:1      | Blackhawk set off with the following items: a +0 club, a +0
                  | dagger; and the following spells available to memorise:
                  | Magic Dart, Foxfire, Apportation, Blink, Call Imp, Slow,
                  | Conjure Flame, Stone Arrow, Mephitic Cloud, Teleport Other
     0 | D:1      | Reached XP level 1. HP: 17/17 MP: 2/2
    85 | D:1      | Reached skill level 3 in Stealth
   319 | D:1      | Slain by a quokka

Illustrated notes

Levels and vault maps discovered:
D:1:      lightli_arrival_chessboard, layout_rooms, serial_rivers,
          chequers_serial_rivers_micro_b, chequers_serial_rivers_micro_d,
          chequers_serial_rivers_room_b, chequers_serial_rivers_micro_c,
          hellmonk_ecumenical_altar_inner_sanctum, roderic_serpentine_path

Skill      XL: |  1 |
---------------+----+-----
Stealth        | 3 |  3.2
Fighting       | |  2.1
Throwing       | |  1.0
Shields        | |  1.0
Spellcasting   | |  1.0
Conjurations   | |  1.0
Transmutations | |  1.0

Action                   || total
-------------------------++-------
Melee: Club              ||    36
       Tailslap          ||     1
 Stab: Sleeping          ||     2
Armor: Skin              ||    13
Dodge: Dodged            ||    23

Table legend: (Time is in decaauts)
 A = Elapsed time spent in this place.
 B = Non-inter-level travel time spent in this place.
 C = Inter-level travel time spent in this place.
 D = Time resting spent in this place.
 E = Time spent auto-exploring this place.
 F = Levels seen in this place.
 G = Mean time per level.
                   A        B        C        D        E       F      G
               +--------+--------+--------+--------+--------+-----+--------+
         Total |    329 |    312 |     17 |      0 |    218 |   1 |  329.0 |
       Dungeon |    329 |    312 |     17 |      0 |    218 |   1 |  329.0 |
               +--------+--------+--------+--------+--------+-----+--------+

Top non-repeatable levels by time:
     D:1: 329 daAuts
